 Dungeon Crawl Stone Soup version 0.28-a0-793-g31680bbd8b (webtiles) character file.

Game seed: 11622092585242308271

60 Decritt the Ducker (level 4, 0/33 HPs)
             Began as a Djinni Fire Elementalist on Nov 5, 2021.
             Slain by a shadow imp (2 damage)
             ... on level 6 of the Dungeon.
             The game lasted 00:23:24 (3915 turns).

Decritt the Ducker (Djinni Fire Elementalist)       Turns: 3915, Time: 00:23:25

Health: 0/33       AC:  3    Str:  7    XL:     4   Next: 24%
Gold:   91         EV: 12    Int: 17    God:
                   SH:  0    Dex: 14

rFire   + + .      SeeInvis .   b - staff of air
rCold   x . .      Faith    .   (no shield)
rNeg    . . .      Spirit   .   d - +0 leather armour
rPois   ∞          Reflect  .   (no helmet)
rElec   +          Harm     .   (no cloak)
rCorr   .          Rampage  .   (no gloves)
Will    .....                   (boots unavailable)
Stlth   ++........              (no amulet)
HPRegen 0.11/turn               (no ring)
MPRegen 0.00/turn               (no ring)

@: flying
A: sickness immunity, fire resistance 2, cold vulnerability 1, float, innate
caster, hp casting, extra vitality 1
a: no special abilities


You were on level 6 of the Dungeon.
You visited 1 branch of the dungeon, and saw 4 of its levels.

You collected 91 gold pieces.

Inventory:

Armour
 d - a +0 leather armour (worn)
Magical Staves
 b - a staff of air (weapon)
Scrolls
 e - a scroll of vulnerability {unknown}
 h - a scroll of magic mapping {unknown}
 j - a scroll of acquirement {unknown}
 k - a scroll of immolation {unknown}
 r - 3 scrolls of identify
Potions
 a - a potion of might {unknown}
 f - 3 potions of haste
 g - a potion of attraction {unknown}
 i - a potion of brilliance {unknown}


   Skills:
 * Level 2.3 Fighting
 + Level 2.9 Dodging
 - Level 1.5 Stealth
 + Level 2.8 Spellcasting


You couldn't memorise any spells.
You knew the following spells:

 Your Spells              Type           Power      Damage    Failure   Level
a - Foxfire               Conj/Fire      48%        2x1d6     9%          1
b - Scorch                Fire           24%        2d6       12%         2
c - Conjure Flame         Conj/Fire      12%        6-21      24%         3
d - Inner Flame           Hex/Fire       12%        N/A       24%         3
e - Flame Wave            Conj/Fire      12%        3d4       63%         4
f - Sting                 Tmut/Pois      48%        1d5       9%          1
Your spell library was empty.

Dungeon Overview and Level Annotations

Branches:
Dungeon (3/15)

Altars:


Innate Abilities, Weirdness & Mutations

You are immune to sickness and miasma.
You are immune to poison.
Your flesh is very heat resistant. (rF++)
You are vulnerable to cold. (rC-)
You float through the air rather than walking.
You learn spells naturally, not from books.
Your magical power is your life essence.
You have superior vitality. (+4 HP)


Message History

The foxfire hits the shadow imp.
The shadow imp is moderately wounded.
The shadow imp closely misses you.
Casting: Foxfire (safe; 9% risk of failure)
Confirm with . or Enter, or press ? or * to list all spells.
You conjure some foxfire!
Your foxfire dissipates!
The foxfire hits the shadow imp.
The shadow imp is heavily wounded.
The shadow imp hits you.
* * * LOW HITPOINT WARNING * * *
The shadow imp barely misses you.
Casting: Foxfire (safe; 9% risk of failure)
Confirm with . or Enter, or press ? or * to list all spells.
You conjure some foxfire!
* * * LOW HITPOINT WARNING * * *
The shadow imp gestures at you. Pain shoots through your body!
* * * LOW HITPOINT WARNING * * *
Your foxfire dissipates!
Casting: Foxfire (safe; 9% risk of failure)
Confirm with . or Enter, or press ? or * to list all spells.
You conjure some foxfire!
* * * LOW HITPOINT WARNING * * *
The shadow imp hits you.
* * * LOW HITPOINT WARNING * * *
Your foxfire dissipates!
Casting: Foxfire (safe; 9% risk of failure)
Confirm with . or Enter, or press ? or * to list all spells.
You conjure some foxfire!
* * * LOW HITPOINT WARNING * * *
The shadow imp closely misses you.
Your foxfire dissipates!
The shadow imp misses you.
Casting: Foxfire (safe; 9% risk of failure)
Confirm with . or Enter, or press ? or * to list all spells.
You conjure some foxfire!
* * * LOW HITPOINT WARNING * * *
The shadow imp hits you.
You die...

#############
#.v@v........
##5##########
#.# #.## ###
#.#. ..#
#.#.##.#
#.#..#.#
#.##.#.#
#......#


You could see a shadow imp (ally target).

Vanquished Creatures
  An adder (D:2)
  3 dart slugs
  A worm (D:2)
  5 endoplasms
  2 giant cockroaches (D:1)
  3 hobgoblins (D:1)
  3 kobolds
  3 quokkas
  9 bats
  2 frilled lizards (D:1)
  5 goblins
  2 rats
39 creatures vanquished.

Vanquished Creatures (others)
  107 foxfires
107 creatures vanquished.

Grand Total: 146 creatures vanquished

Notes
Turn   | Place    | Note
-------+----------+-------------------------------------------
     0 | D:1      | Decritt the Djinni Fire Elementalist began the quest for
                  | the Orb.
     0 | D:1      | Reached XP level 1. HP: 15/15 MP: 0/0
   975 | D:1      | Reached XP level 2. HP: 21/22 MP: 0/0
  1114 | D:1      | Reached skill level 1 in Fighting
  1578 | D:1      | Reached XP level 3. HP: 20/27 MP: 0/0
  1578 | D:1      | Learned a level 1 spell: Sting
  2679 | D:2      | Reached XP level 4. HP: 24/33 MP: 0/0
  3878 | D:3      | You are sucked into a shaft and drop 3 floors!
  3915 | D:6      | Slain by a shadow imp

Illustrated notes

Levels and vault maps discovered:
D:1:      erik_arrival_blinker_ship, layout_basic, minmay_tripent
D:2:      layout_rooms, grunt_ministairs_10, minmay_misc_feat_rugged
D:3:      layout_basic, nzn_wu_jian_contemplation, basic_ecumenical_altar
D:6:      layout_basic, kennysheep_potato, uniq_edmund, uniq_pikel,
          uniq_menkaure

Skill      XL: |  1  2  3 |
---------------+----------+-----
Fighting       | 1 2 |  2.3
Dodging        | |  2.9
Stealth        | |  1.5
Spellcasting   | |  2.8

Action                   |  1- 3 |  4- 6 || total
-------------------------+-------+-------++-------
Melee: Staff             |       |     2 ||     2
 Cast: Foxfire           |    52 |    23 ||    75
  Use: Scroll            |       |     1 ||     1
Armor: Robe              |     1 |       ||     1
       Leather armour    |     5 |     4 ||     9
Dodge: Dodged            |    23 |    18 ||    41

Table legend: (Time is in decaauts)
 A = Elapsed time spent in this place.
 B = Non-inter-level travel time spent in this place.
 C = Inter-level travel time spent in this place.
 D = Time resting spent in this place.
 E = Time spent auto-exploring this place.
 F = Levels seen in this place.
 G = Mean time per level.
                   A        B        C        D        E       F      G
               +--------+--------+--------+--------+--------+-----+--------+
         Total |   3910 |   3902 |      8 |   2646 |    504 |   4 |  977.5 |
       Dungeon |   3910 |   3902 |      8 |   2646 |    504 |   4 |  977.5 |
               +--------+--------+--------+--------+--------+-----+--------+

Top non-repeatable levels by time:
     D:1: 2391 daAuts
     D:2: 1112 daAuts
     D:3: 369 daAuts
     D:6: 36 daAuts
